 Dungeon Crawl Stone Soup version 0.27-a0-1384-g1422d76b99 (webtiles) character file.

Game seed: 12135461064395697508

6480 snetch the Thaumaturge (level 11, 0/70 HPs)
             Began as a Djinni Fire Elementalist on June 30, 2021.
             Was a High Priest of Fedhas.
             Slain by a centaur warrior (8 damage)
             ... on level 10 of the Dungeon.
             The game lasted 00:47:46 (13015 turns).

snetch the Thaumaturge (Djinni Fire Elementalist)  Turns: 13015, Time: 00:47:47

Health: 0/70       AC: 12    Str:  9    XL:     11   Next: 19%
Gold:   733        EV:  9    Int: 23    God:    Fedhas [*****.] SH:  3 Dex: 13

rFire    + + .     SeeInvis .   a - +6 long sword of Checkmate {vorpal, Str+2 Int+2}
rCold    x . .     Faith    .   T - +0 buckler
rNeg     + . .     Spirit   .   V - +2 scale mail {rN+}
rPois    ∞         Reflect  .   (no helmet)
rElec    .         Harm     .   w - +0 cloak
rCorr    +         Rampage  .   U - +0 pair of gloves
Will     +....                  (boots unavailable)
Stlth    +.........             K - amulet of the acrobat
HPRegen  0.21/turn              k - ring of resist corrosion
MPRegen  0.00/turn              (no ring)

@: flying
A: sickness immunity, fire resistance 2, cold vulnerability 1, float, innate
caster, hp casting, extra vitality 1
a: Renounce Religion, Wall of Briars, Grow Ballistomycete, Overgrow, Grow Oklob


You were on level 10 of the Dungeon.
You worshipped Fedhas.
Fedhas was extremely pleased with you.
You visited 2 branches of the dungeon, and saw 11 of its levels.

You collected 789 gold pieces.
You spent 56 gold pieces at shops.

Inventory:

Hand Weapons
 a - the +6 long sword of Checkmate (weapon) {vorpal, Str+2 Int+2}
   (You found it on level 8 of the Dungeon)

   It inflicts extra damage upon your enemies.
   Str:       It affects your strength (+2).
   Int:       It affects your intelligence (+2).
 d - the +2 flail of the Battered Suns {vorpal, *Corrode rElec rF++ rN+}
   (You found it on level 9 of the Dungeon)

   It inflicts extra damage upon your enemies.
   rF:        It greatly protects you from fire.
   rElec:     It insulates you from electricity.
   rN:        It protects you from negative energy.
   *Corrode:  It may corrode you when you take damage.
Missiles
 f - 281 stones
 h - 73 sling bullets
 q - 18 poisoned darts
 r - 2 curare-tipped darts
 u - 5 silver boomerangs
 B - 45 bolts
 C - 4 atropa-tipped darts
 E - 133 arrows
 P - 8 boomerangs
 S - 10 javelins
Armour
 w - a +0 cloak (worn)
 z - a +0 chain mail
 T - a +0 buckler (worn)
 U - a +0 pair of gloves (worn)
 V - a +2 scale mail of positive energy (worn)
 Z - a +3 plate armour of fire resistance
Magical Staves
 b - a staff of death
Jewellery
 k - a ring of resist corrosion (left hand)
 K - an amulet of the acrobat (around neck)
Wands
 y - a wand of charming (10)
 A - a wand of paralysis (8)
 F - a wand of flame (50)
 N - a wand of digging (7)
Scrolls
 e - a scroll of vulnerability {unknown}
 g - 5 scrolls of teleportation {unknown}
 i - a scroll of acquirement {unknown}
 j - 3 scrolls of blinking {unknown}
 l - 2 scrolls of noise {unknown}
 m - 4 scrolls of magic mapping {unknown}
 p - a scroll of holy word {unknown}
 s - 2 scrolls of fog {unknown}
 L - 3 scrolls of amnesia {unknown}
 O - 7 scrolls of identify {unknown}
 Q - a scroll of fear {unknown}
 W - a scroll of immolation {unknown}
 X - a scroll of enchant armour {unknown}
Potions
 c - a potion of resistance {unknown}
 n - a potion of haste {unknown}
 o - 2 potions of cancellation {unknown}
 t - a potion of ambrosia {unknown}
 v - a potion of might {unknown}
 x - 5 potions of heal wounds {unknown}
 D - 3 potions of curing
 G - 3 potions of flight {unknown}
 H - 2 potions of brilliance {unknown}
 I - 2 potions of lignification {unknown}
 M - a potion of attraction {unknown}


   Skills:
 + Level 2.8 Fighting
 + Level 5.6 Armour
 + Level 4.7 Dodging
 + Level 3.8 Stealth
 + Level 10.9 Spellcasting


You had 2 spell levels left.
You knew the following spells:

 Your Spells              Type           Power      Damage    Failure   Level
a - Foxfire               Conj/Fire      100%       2x1d9     1%          1
b - Conjure Flame         Conj/Fire      58%        6-21      1%          3
c - Inner Flame           Hex/Fire       58%        N/A       1%          3
d - Sticky Flame          Conj/Fire      58%        2d7       6%          4
e - Fireball              Conj/Fire      29%        3d13      17%         5
f - Sandblast             Erth           100%       2d20      1%          1
g - Static Discharge      Conj/Air       58%        N/A       1%          2
h - Call Canine Familiar  Summ           58%        N/A       1%          3
i - Vampiric Draining     Necr           29%        2d10      1%          3
j - Animate Dead          Necr           29%        N/A       6%          4
Your spell library was empty.

Dungeon Overview and Level Annotations

Branches:
Dungeon (10/15)            Temple (1/1) D:7             Orc (0/2) D:9
   Lair: D:8-11

Altars:
Ashenzari
Cheibriados
Dithmenos
Elyvilon
Fedhas
Gozag
Hepliaklqana
Kikubaaqudgha
Makhleb
Nemelex Xobeh
Okawaru
Qazlal
Ru
Sif Muna
Trog
Uskayaw
Vehumet
Wu Jian
Xom
Yredelemnul
Zin
The Shining One

Shops:
D:2 (   D:5 (!**:


Innate Abilities, Weirdness & Mutations

You are immune to sickness and miasma.
You are immune to poison.
Your flesh is very heat resistant. (rF++)
You are vulnerable to cold. (rC-)
You float through the air rather than walking.
You learn spells naturally, not from books.
Your magical power is your life essence.
You have superior vitality. (+4 HP)


Message History

Casting: Fireball (quite dangerous; 17% risk of failure)
Confirm with . or Enter, or press ? or * to list all spells.
The spell is quite dangerous to cast (17% risk of failure)!
Continue anyway?
Okay, then.
Casting: Fireball (quite dangerous; 17% risk of failure)
Confirm with . or Enter, or press ? or * to list all spells.
The komodo dragon is struck by an arc of lightning!
The komodo dragon is lightly wounded.
The lightning grounds out.
The centaur warrior shoots an arrow.
The arrow hits you!
* * * LOW HITPOINT WARNING * * *
The centaur warrior shoots an arrow.
The arrow hits you.
* * * LOW HITPOINT WARNING * * *
The komodo dragon bites you!
* * * LOW HITPOINT WARNING * * *
Okay, then.
You feel better.
The centaur warrior shoots an arrow.
You block the arrow.
The komodo dragon bites you but does no damage.
You reach down and open the door.
The centaur warrior shoots an arrow.
You block the arrow.
The komodo dragon bites you but does no damage.
The centaur warrior shoots an arrow.
The arrow barely misses you.
There is an open door here.
Casting: Static Discharge (safe; 1% risk of failure)
Confirm with . or Enter, or press ? or * to list all spells.
The komodo dragon is struck by an arc of lightning.
The komodo dragon is moderately wounded.
The centaur warrior is struck by an arc of lightning.
The centaur warrior is lightly wounded.
The komodo dragon is struck by an arc of lightning.
The komodo dragon is heavily wounded.
The lightning grounds out.
* * * LOW HITPOINT WARNING * * *
You block the komodo dragon's attack.
You reach down and open the door.
The komodo dragon bites you but does no damage.
The centaur warrior unwields a +0 longbow.
The centaur warrior hits you!
You die...
Fedhas appreciates your contribution to the ecosystem.

.... #...# ....
#...##### .....
#........ .....
#........
......#........
.......#........
?......'........
...(...#@.......
.......#lc......
.......#........
.......#........
.......#'####...
......c<....# ..
............# .
............#
..............#


You could see a centaur warrior and a komodo dragon.

Vanquished Creatures
  A centaur warrior (D:9)
  A two-headed ogre (D:8)
  Maurice (D:9)
  A hornet (D:7)
  4 yaks (D:6)
  2 wyverns (D:8)
  The ghost of Wobber the Insei, an amateur OpTm (D:6)
  4 water moccasins
  2 ice beasts
  3 orc warriors
  A black bear (D:5)
  A sky beast (D:6)
  An ogre (D:5)
  2 centaurs
  A phantom (D:4)
  A bullfrog (D:6)
  4 scorpions
  A water moccasin skeleton (D:4)
  3 killer bees (D:8)
  3 wights (D:8)
  5 howler monkeys
  A centaur zombie (D:6)
  A bullfrog zombie (D:5)
  A jelly (D:5)
  An orc priest (D:4)
  4 hounds
  Crazy Yiuf (D:2)
  A bullfrog skeleton (D:5)
  2 centaur skeletons (D:6)
  3 iguanas
  Ijyb (D:4)
  Terence (D:2)
  18 orc wizards
  4 gnolls (D:4)
  13 adders
  A river rat (D:6)
  2 white imps
  2 ufetubi
  An adder zombie (D:5)
  A dart slug (D:1)
  4 worms
  42 orcs
  7 endoplasms
  5 giant cockroaches
  2 goblins
  4 hobgoblins
  10 jackals
  6 kobolds
  A quokka (D:5)
  4 ball pythons
  3 bats
  3 frilled lizards
  4 rats
197 creatures vanquished.

Vanquished Creatures (collateral kills)
  A hornet (D:9)
  A phantom (D:6)
  An ogre (D:5)
  A howler monkey (D:9)
  An orc priest (D:9)
  A hound (D:6)
  2 orcs (D:9)
8 creatures vanquished.

Vanquished Creatures (others)
  664 foxfires
664 creatures vanquished.

Grand Total: 869 creatures vanquished

Notes
Turn   | Place    | Note
-------+----------+-------------------------------------------
     0 | D:1      | snetch the Djinni Fire Elementalist began the quest for the
                  | Orb.
     0 | D:1      | Reached XP level 1. HP: 15/15 MP: 0/0
    53 | D:1      | Found a faded altar of an unknown god.
    76 | D:1      | Became a worshipper of Fedhas Madash
    76 | D:1      | Reached * piety under Fedhas
   279 | D:1      | Reached XP level 2. HP: 15/21 MP: 0/0
   690 | D:1      | Reached skill level 3 in Spellcasting
   692 | D:1      | Reached XP level 3. HP: 16/25 MP: 0/0
   692 | D:1      | Learned a level 1 spell: Sandblast
   702 | D:1      | Reached ** piety under Fedhas
  1225 | D:2      | Found Esoam's Weapon Shop.
  1266 | D:2      | Noticed Terence
  1278 | D:2      | Killed Terence
  1279 | D:2      | Reached XP level 4. HP: 24/31 MP: 0/0
  1815 | D:2      | Found a runed translucent door.
  1818 | D:2      | Noticed Crazy Yiuf
  1956 | D:2      | Reached XP level 5. HP: 32/35 MP: 0/0
  1956 | D:2      | Learned a level 2 spell: Static Discharge
  2496 | D:3      | Reached skill level 1 in Armour
  2496 | D:3      | Reached skill level 4 in Spellcasting
  2807 | D:2      | Killed Crazy Yiuf
  2978 | D:3      | Reached XP level 6. HP: 37/40 MP: 0/0
  3763 | D:4      | Found an ornate altar of the Wu Jian Council.
  3765 | D:4      | Found a blossoming altar of Fedhas.
  3853 | D:4      | Reached skill level 5 in Spellcasting
  3855 | D:4      | Reached XP level 7. HP: 34/45 MP: 0/0
  3855 | D:4      | Learned a level 3 spell: Call Canine Familiar
  4079 | D:5      | Entered Level 5 of the Dungeon
  4161 | D:4      | Reached *** piety under Fedhas
  4484 | D:5      | Noticed a water moccasin
  4487 | D:5      | Killed a water moccasin
  4488 | D:5      | Reached XP level 8. HP: 44/51 MP: 0/0
  4499 | D:5      | Found Usulaese's Distillery.
  4502 | D:5      | Bought a potion of curing for 42 gold pieces
  4502 | D:5      | Bought a potion of degeneration for 14 gold pieces
  4762 | D:4      | Reached skill level 6 in Spellcasting
  4806 | D:4      | Found a shadowy altar of Dithmenos.
  4837 | D:4      | Noticed Ijyb
  4851 | D:4      | Killed Ijyb
  4852 | D:4      | Reached skill level 1 in Fighting
  4980 | D:5      | Found Zovergh's Assorted Antiques.
  5505 | D:5      | Found Perenli's Assorted Antiques.
  5506 | D:5      | Found Leasin's Book Shoppe.
  5679 | D:5      | Reached skill level 7 in Spellcasting
  5821 | D:5      | Found Tanum's Antique Weapon Boutique.
  6489 | D:6      | Reached XP level 9. HP: 51/57 MP: 0/0
  6489 | D:6      | Learned a level 3 spell: Vampiric Draining
  6578 | D:6      | Reached **** piety under Fedhas
  6785 | D:6      | Found a runed translucent door.
  6790 | D:6      | Noticed Wobber's ghost (amateur OpTm)
  6809 | D:6      | Killed Wobber's ghost
  6812 | D:6      | Reached skill level 8 in Spellcasting
  6815 | D:6      | Found a runed translucent door.
  7785 | D:6      | Reached skill level 9 in Spellcasting
  8325 | D:7      | Reached XP level 10. HP: 60/64 MP: 0/0
  8620 | D:7      | Found a staircase to the Ecumenical Temple.
  8632 | Temple   | Entered the Ecumenical Temple
  9254 | D:7      | Reached ***** piety under Fedhas
 10275 | D:8      | Reached skill level 10 in Spellcasting
 10561 | D:9      | Noticed a centaur warrior
 10569 | D:9      | Killed a centaur warrior
 10845 | D:9      | Identified the +2 flail of the Battered Suns {vorpal,
                  | *Corrode rElec rF++ rN+}
 11132 | D:8      | Identified the +6 long sword of Checkmate {vorpal, Str+2
                  | Int+2}
 11132 | D:8      | Noticed a two-headed ogre
 11136 | D:8      | Killed a two-headed ogre
 11137 | D:8      | Reached skill level 5 in Armour
 11137 | D:8      | Reached XP level 11. HP: 50/70 MP: 0/0
 11137 | D:8      | Learned a level 4 spell: Animate Dead
 12141 | D:9      | Found a staircase to the Orcish Mines.
 12598 | D:10     | Entered Level 10 of the Dungeon
 12598 | D:10     | Noticed Maurice
 12601 | D:10     | Noticed a centaur warrior
 12604 | D:9      | Killed Maurice
 12682 | D:10     | HP: 2/70 [centaur warrior/arrow (6)]
 13006 | D:10     | HP: 1/70 [komodo dragon (17)]
 13015 | D:10     | Slain by a centaur warrior

Illustrated notes

Levels and vault maps discovered:
D:1:      eino_arrival_cavern_e, layout_rooms, ebering_ecumenical_altar_rust,
          minmay_vboxes
D:2:      layout_basic, serial_shops, shop, hex_medium, uniq_crazy_yiuf_cottage,
          uniq_terence
D:3:      layout_basic
D:4:      layout_basic, nicolae_dithmenos_the_darkroom, jmf_multi_god_temple,
          kennysheep_opposing_triangles, uniq_ijyb
D:5:      layout_loops_ring, serial_shops, nicolae_shop_waterfront,
          nicolae_stop_n_shop_2, kennysheep_mini_moat, nicolae_shop_crystal,
          nicolae_shop_behind_doors, grunt_ministairs_13, minivault_1
D:6:      minmay_flawed_box, layout_loops_ring, amcnicky_altar_gilded,
          ebering_ghost_sewer_f, kennysheep_minor_cross
D:7:      layout_loops_ring, minmay_temple_entry_grid
D:8:      layout_rooms
D:9:      layout_cross, hiddenorc2_lemuel, minivault_23
D:10:     layout_irregular_city, due_lair_maze_entry_diamond, minivault_19,
          minmay_fractal_squares_diagonal_5, uniq_maurice
Temple:   dpeg_five_rooms_temple

Skill      XL: |  1  2  3  4  5  6  7  8  9 10 |
---------------+-------------------------------+-----
Spellcasting   | 3 4 5 7 9 10 | 10.9
Armour         | 1 2 3 5 |  5.6
Stealth        | 2 3 |  3.8
Dodging        | 3 4 |  4.7
Fighting       | 1 2 |  2.8

Action                   |  1- 3 |  4- 6 |  7- 9 | 10-12 || total
-------------------------+-------+-------+-------+-------++-------
Melee: Unarmed           |     1 |       |       |       ||     1
       Quarterstaff      |       |       |     7 |     9 ||    16
       Flail             |       |       |       |     1 ||     1
       Long sword        |       |       |       |     1 ||     1
 Cast: Foxfire           |    51 |   116 |   164 |    80 ||   411
       Static Discharge  |       |     4 |    20 |    13 ||    37
       Sandblast         |       |       |     5 |       ||     5
       Call Canine Famil |       |       |     3 |     3 ||     6
       Vampiric Draining |       |       |     6 |    23 ||    29
       Fireball          |       |       |     5 |    23 ||    28
       Conjure Flame     |       |       |       |     4 ||     4
       Animate Dead      |       |       |       |     4 ||     4
  Use: Potion            |       |       |       |     1 ||     1
Armor: Robe              |     6 |       |       |       ||     6
       Leather armour    |     2 |    10 |    15 |     7 ||    34
       Scale mail        |       |       |       |    24 ||    24
Dodge: Dodged            |     9 |    20 |    49 |    46 ||   124
Block: Buckler           |       |       |       |     5 ||     5

Table legend: (Time is in decaauts)
 A = Elapsed time spent in this place.
 B = Non-inter-level travel time spent in this place.
 C = Inter-level travel time spent in this place.
 D = Time resting spent in this place.
 E = Time spent auto-exploring this place.
 F = Levels seen in this place.
 G = Mean time per level.
                   A        B        C        D        E       F      G
               +--------+--------+--------+--------+--------+-----+--------+
         Total |  13053 |  12427 |    626 |   1756 |   8358 |  11 | 1186.6 |
       Dungeon |  12745 |  12149 |    596 |   1756 |   8082 |  10 | 1274.5 |
        Temple |    307 |    277 |     30 |      0 |    276 |   1 |  307.0 |
               +--------+--------+--------+--------+--------+-----+--------+

Top non-repeatable levels by time:
     D:6: 1780 daAuts
     D:7: 1709 daAuts
     D:4: 1512 daAuts
     D:2: 1490 daAuts
     D:9: 1456 daAuts
     D:8: 1288 daAuts
     D:5: 1234 daAuts
     D:3: 1150 daAuts
     D:1: 1101 daAuts
  Temple: 307 daAuts
    D:10: 21 daAuts
